AoeStats
← Mete Başkan

Arabia

506166558Analyzed
1v1 RM · 20d ago on Sep 12, 2026· 44m 38s· 2 players
Game mode
Random Map
Map size
Tiny (2 player)
Population
200
Speed
Normal
Resources
Standard
Victory
Conquest
Starting age
Dark Age
Ending age
Imperial Age
RankedLock teamsTeams togetherTeam positionsShared explorationLock speedFull tech treeHidden civsTurbo modeCheats
Victory
Defeat
🇹🇷 Japanese · Türkiye
1644
+9
🇫🇷 Spanish · France
1494
-9
Mete Başkan
6:21 Loom
8:57 Feudal Age
9:06 Man-at-Arms
9:49 Double-Bit Axe
13:32 Fletching
17:51 Padded Archer Armor
21:32 Castle Age
20:47 Horse Collar
21:11 Gold Mining
22:11 Bodkin Arrow
21:37 Crossbowman
23:27 Bow Saw
24:47 Town Watch
25:37 Wheelbarrow
25:35 Heavy Plow
27:42 Leather Archer Armor
28:39 Ballistics
35:40 Imperial Age
36:23 Bracer
36:33 Thumb Ring
37:00 Bloodlines
37:27 Husbandry
39:07 Chemistry
39:22 Ring Archer Armor
40:26 Masonry
42:42 Two-Man Saw
42:54 Parthian Tactics
44:06 Guard Tower
44:09 Heavy Cavalry Archer
45:05 Murder Holes
Taken
6:43 Loom
9:18 Feudal Age
10:32 Double-Bit Axe
16:45 Fletching
18:54 Wheelbarrow
22:14 Castle Age
20:21 Stone Mining
20:17 Horse Collar
21:51 Padded Archer Armor
21:54 Gold Mining
22:15 Elite Skirmisher
22:53 Bodkin Arrow
23:25 Bow Saw
24:16 Leather Archer Armor
25:07 Husbandry
36:03 Bloodlines
41:26 Imperial Age
38:45 Light Cavalry
40:27 Scale Barding Armor
41:37 Chain Barding Armor
41:32 Cavalier
43:35 Plate Barding Armor
Connection lost

Rejoining the realm…

Still unreachable

The connection could not be restored.

Session expired

The server has moved on; the page needs a fresh start.